 Dungeon Crawl Stone Soup version 0.23-a0-49-gd9f7a49 (webtiles) character file.

105 Mgcat the Skirmisher (level 4, 0/40 HPs)
             Began as a Draconian Warper on Aug 7, 2018.
             Slain by Natasha (9 damage)
             ... on level 4 of the Dungeon.
             The game lasted 00:06:18 (2639 turns).

Mgcat the Skirmisher (Draconian Warper)             Turns: 2639, Time: 00:06:20

Health: 0/40       AC:  5    Str: 14    XL:     4   Next: 53%
Magic:  7/7        EV: 12    Int: 15    God:
Gold:   142        SH:  0    Dex: 11    Spells: 0/7 levels left

rFire    . . .     SeeInvis .   a - +0 hand axe
rCold    . . .     Gourm    .   (no shield)
rNeg     . . .     Faith    .   (armour unavailable)
rPois    .         Spirit   .   (helmet restricted)
rElec    .         Reflect  .   (no cloak)
rCorr    .         Harm     .   (no gloves)
MR       .....                  (no boots)
Stlth    +.........             e - amulet of regeneration {+regen, !d}
HPRegen  0.53/turn              m - +2 ring of intelligence
MPRegen  0.10/turn              (no ring)

@: no status effects
A: unfitting armour, cold-blooded, AC +5
a: no special abilities


You were on level 4 of the Dungeon.
You were not hungry.

You visited 1 branch of the dungeon, and saw 4 of its levels.

You collected 142 gold pieces.

Inventory:

Hand Weapons
 a - a +0 hand axe (weapon)
Missiles
 d - 5 tomahawks of dispersal {=f}
 u - 7 tomahawks (quivered)
Jewellery
 e - an amulet of regeneration (around neck) {+regen, !d}
   (You found it on level 1 of the Dungeon)
 m - a +2 ring of intelligence (left hand)
   (You found it on level 2 of the Dungeon)
Scrolls
 b - 2 scrolls of noise {unknown}
 c - 3 scrolls of blinking {!r}
 h - 3 scrolls of teleportation {unknown}
 i - 3 scrolls of remove curse {unknown}
 n - a scroll of fog {unknown}
 o - a scroll of enchant weapon {unknown}
 q - 2 scrolls of amnesia {unknown}
 r - a scroll of identify {unknown}
Potions
 g - a potion of degeneration {unknown}
 j - 3 potions of mutation {unknown}
 k - a potion of curing {unknown}
 l - a potion of berserk rage {!q}
 s - a potion of heal wounds {unknown}
 t - a potion of lignification {unknown}
Comestibles
 f - 5 rations
 p - 2 chunks of flesh {@w0}


   Skills:
 + Level 3.7 Fighting
 + Level 3.3 Axes
 - Level 0.8 Throwing
 - Level 2.1 Dodging
 - Level 2.0 Spellcasting
 + Level 3.6 Translocations


You couldn't memorise any spells.
You knew the following spells:

 Your Spells              Type           Power        Failure   Level  Hunger
a - Blink                 Tloc           N/A          8%          2    ###....
b - Shroud of Golubria    Chrm/Tloc      #.........   16%         2    ###....
c - Gell's Gravitas       Tloc           ##........   16%         3    ###....

Your spell library contained the following spells:

 Spells                   Type           Power        Failure   Level  Hunger
 Teleport Other           Tloc           ##......     16%         3    ###....
 Passage of Golubria      Tloc           N/A          45%         4    #####..
 Lesser Beckoning         Tloc           ##........   16%         3    ###....


Dungeon Overview and Level Annotations

Branches:
Dungeon (4/15)
 Temple: D:4-7

Altars:
Yredelemnul

Annotations:
D:4 Natasha


Innate Abilities, Weirdness & Mutations

Your plain brown scales are hard. (AC +5)
You cannot fit into any form of body armour.
You are cold-blooded and may be slowed by cold attacks.


Message History

Your shroud bends the shadow imp's attack away.
Natasha wildly gestures.
Natasha shimmers violently.
Natasha closely misses you. The shadow imp closely misses you.
Your shroud bends Natasha's attack away.
You hit Natasha.
Natasha is almost dead.
You hit the shadow imp.
The shadow imp hits you but does no damage.
Natasha claws you but does no damage.
You hit Natasha.
You kill Natasha!
Natasha yowls pathetically as she dies!
The shadow imp disappears in a puff of smoke!
Unknown command.
Eating one of 8 chunks of flesh {@w0}.
You eat one of the 8 chunks of flesh {@w0}.
This raw flesh tastes terrible.
HP restored.
You hear a zap.
You hear a grinding noise.
Your shroud begins to fray at the edges.
You hear a zap.
You hear a grinding noise.
Your shroud unravels.
You hear a zap.
You hear a grinding noise.
Your magical contamination has completely faded away.
You hear a zap.
You hear a grinding noise.
You hear a zap.
You hear a grinding noise.
Magic restored.
You hear a zap.
You hear a grinding noise.
You hear a zap.
You hear a grinding noise.
Found a stone staircase leading down.
Key pressed, stopping explore.
You hear a zap.
You hear a grinding noise.
You hear a zap.
You hear a grinding noise.
You hear a zap.
You hear a grinding noise.
Some of the chunks of flesh in your inventory have rotted away.
Some of the chunks of flesh in your inventory have rotted away.
Found a runed scimitar.
u - 7 tomahawks A quokka comes into view.
Found an escape hatch in the floor.
The quokka barely misses you.
You hit the quokka.
The quokka is severely wounded.
The quokka closely misses you.
You hit the quokka.
You kill the quokka!
No target in view!
No target in view!
You butcher the quokka corpse.
p - 6 chunks of flesh {@w0} (gained 2)
You see here a quokka skeleton.
Some of the chunks of flesh in your inventory have rotted away.
You see here a quokka skeleton.
A leopard gecko comes into view.
The leopard gecko hisses angrily.
A leopard gecko is nearby!
Natasha, Servant of Life and Death comes into view.
Natasha hisses angrily.
Natasha moves out of view.
Unknown command.
Unknown command.
Some of the chunks of flesh in your inventory have rotted away.
Natasha drinks a potion.
Natasha flickers and vanishes!
Deactivating autopickup; reactivate with Ctrl-A.
You hear a zap.
Some rock shatters into small pieces.
A magic dart appears from out of thin air!
The magic dart hits you!
The leopard gecko hisses menacingly.
You hear a zap.
You hear a grinding noise.
The leopard gecko misses you.
You hear a zap.
You hear a grinding noise.
You barely miss the leopard gecko.
The leopard gecko bites you but does no damage.
You slash the leopard gecko!
You kill the leopard gecko!
You hear a zap.
You hear a grinding noise.
You see here a leopard gecko corpse.
You butcher the leopard gecko corpse.
You see here a chunk of flesh {@w0}.
Something claws you.
You barely miss something. Something claws you.
You closely miss something. Something barely misses you.
You barely miss something. Something claws you. x2
You closely miss something. Something claws you.
You barely miss something. Something barely misses you.
You barely miss something. Something claws you.
You barely miss something. Something claws you.
You closely miss something. You tail-slap something. Something claws you.
You miss something. Something claws you but does no damage.
You closely miss something. Something claws you!
* * * LOW HITPOINT WARNING * * *
You closely miss something. You tail-slap something.
Something claws you but does no damage. x2
You barely miss something. You tail-slap something.
Natasha appears from thin air!
Reactivating autopickup.
Natasha claws you!
You die...

### ##.# ## ##@## ##.#
### ##h## ....#
####.###.#####
.....##........%...#
....#.#)##...#####.####
............# #.##.#
.#.#.##.#..# ###.#.##
...##.#....# ##.#..##
....l......#
##..#.#######


You could see Natasha.

Vanquished Creatures
  Natasha (D:4)
  An adder (D:2)
  A worm (D:3)
  A dart slug (D:2)
  6 leopard geckos
  5 orcs (D:3)
  2 bats (D:3)
  2 giant cockroaches (D:2)
  4 goblins
  5 hobgoblins
  2 jackals (D:3)
  3 quokkas
  4 frilled lizards
  8 kobolds
  7 rats
  A spectral orc (D:3)
53 creatures vanquished.

Notes
Turn   | Place    | Note
-------+----------+-------------------------------------------
     0 | D:1      | Mgcat the Draconian Warper began the quest for the Orb.
     0 | D:1      | Reached XP level 1. HP: 17/17 MP: 3/3
   803 | D:2      | Reached XP level 2. HP: 25/25 MP: 5/5
   991 | D:2      | Reached skill level 3 in Fighting
  1005 | D:2      | Learned a level 2 spell: Blink
  1008 | D:2      | Learned a level 2 spell: Shroud of Golubria
  1048 | D:2      | HP: 6/26 [poisoned by an adder]
  1051 | D:2      | Reached XP level 3. HP: 4/31 MP: 4/6
  1052 | D:2      | HP: 2/31 [dart slug (2)]
  1057 | D:2      | HP: 2/46 [poisoned by an adder]
  1062 | D:2      | HP: 2/31 [poisoned by an adder]
  1069 | D:2      | HP: 4/31 [poisoned by an adder]
  1074 | D:2      | HP: 6/31 [poisoned by an adder]
  1652 | D:3      | Reached skill level 3 in Axes
  1859 | D:3      | HP: 5/31 [orc/flail (8)]
  2079 | D:3      | Reached XP level 4. HP: 38/38 MP: 7/7
  2110 | D:3      | Learned a level 3 spell: Gell's Gravitas
  2227 | D:3      | Found a basalt altar of Yredelemnul.
  2342 | D:3      | Found a faded altar of an unknown god.
  2451 | D:4      | Noticed Natasha
  2466 | D:4      | Killed Natasha
  2605 | D:4      | Noticed Natasha
  2637 | D:4      | HP: 8/40 [something (7)]
  2639 | D:4      | Slain by Natasha

Vault maps used:
D:1:      co_arrival_random_square_maze, serial_forest,
          infiniplex_forest_clump_medium, infiniplex_forest_lined_room_2,
          infiniplex_forest_straight_2, infiniplex_forest_end_2,
          infiniplex_forest_clump_diagonal, infiniplex_forest_straight_3,
          infiniplex_forest_zigzag_1
D:2:      skrybe_limestone_x
D:3:      yredelemnul_forgotten_temple_becter, chequers_ecumenical_altar_lobes
D:4:      first_ration, minmay_misc_feat_encased, uniq_pikel, uniq_natasha

Skill      XL: |  1  2  3 |
---------------+----------+-----
Fighting       | 3 |  3.7
Axes           | 3 |  3.3
Throwing       | |  0.8
Dodging        | |  2.1
Spellcasting   | |  2.0
Translocations | |  3.6

Action                   |  1- 3 |  4- 6 || total
-------------------------+-------+-------++-------
Melee: Hand axe          |   182 |    67 ||   249
       Tailslap          |    15 |     9 ||    24
 Cast: Shroud of Golubri |    10 |     2 ||    12
       Blink             |     1 |       ||     1
  Use: Potion            |     1 |       ||     1
 Stab: Sleeping          |     1 |       ||     1
  Eat: Chunk             |     5 |     2 ||     7
Armor: Skin              |    50 |    28 ||    78
Dodge: Dodged            |   142 |    41 ||   183

Table legend:
 A = Spawn XP
 B = Non-spawn XP
 C = Spawn XP percentage of total XP
 D = Spawn monster count
 E = Non-spawn monster count
 F = Spawn count percentage of total count
 G = Total turns spent on level
                    A         B        C        D         E        F      G
               +---------+---------+-------+---------+---------+-------+---------
         Total |       0 |     150 |   0.0 |       0 |      53 |   0.0 |  2639
               +---------+---------+-------+---------+---------+-------+---------
           D:1 |       0 |      10 |   0.0 |       0 |       6 |   0.0 |   728
           D:2 |       0 |      47 |   0.0 |       0 |      19 |   0.0 |   808
           D:3 |       0 |      53 |   0.0 |       0 |      25 |   0.0 |   906
           D:4 |       0 |      40 |   0.0 |       0 |       3 |   0.0 |   197
               +---------+---------+-------+---------+---------+-------+---------

Vault maps used:
D:1:      co_arrival_random_square_maze, serial_forest,
          infiniplex_forest_clump_medium, infiniplex_forest_lined_room_2,
          infiniplex_forest_straight_2, infiniplex_forest_end_2,
          infiniplex_forest_clump_diagonal, infiniplex_forest_straight_3,
          infiniplex_forest_zigzag_1
D:2:      skrybe_limestone_x
D:3:      yredelemnul_forgotten_temple_becter, chequers_ecumenical_altar_lobes
D:4:      first_ration, minmay_misc_feat_encased, uniq_pikel, uniq_natasha

Table legend:
 A = Turns spent in this place as a percentage of turns spent in the entire game.
 B = Non-inter-level travel turns spent in this place as a percentage of non-inter-level travel turns spent in the entire game.
 C = Inter-level travel turns spent in this place as a percentage of turns spent in this place.
 D = Turns resting spent in this place as a percentage of non-inter-level travel turns spent in this place.
 E = Turns spent auto-exploring this place as a percentage of non-inter-level travel turns spent in this place.
 F = Non-inter-level travel turns spent in this place divided by the number of levels of this place that you've seen.
                   A       B       C       D       E      F
               +-------+-------+-------+-------+-------+----------------------
         Total | 100.0 | 100.0 |   3.2 |   2.3 |  77.6 | 638.8
       Dungeon | 100.0 | 100.0 |   3.2 |   2.3 |  77.6 | 638.8
               +-------+-------+-------+-------+-------+----------------------

Table legend:
 A = Kills in this place as a percentage of kills in entire the game.
 B = Kills by you in this place as a percentage of kills by you in the entire game.
 C = Kills by friends in this place as a percentage of kills by friends in the entire game.
 D = Other kills in this place as a percentage of other kills in the entire game.
 E = Experience gained in this place as a percentage of experience gained in the entire game.
 F = Experience gained in this place divided by the number of levels of this place that you have seen.
                   A       B       C       D       E      F
               +-------+-------+-------+-------+-------+----------------------
         Total | 100.0 | 100.0 |   N/A |   N/A | 100.0 |  37.5
       Dungeon | 100.0 | 100.0 |   N/A |   N/A | 100.0 |  37.5
               +-------+-------+-------+-------+-------+----------------------
